 Dungeon Crawl Stone Soup version 0.27-a0-169-gd3d0dda1a4 (webtiles) character file.

Game seed: 3658359258097524044

3010 Boji the Geomancer (level 9, -4/45 HPs)
             Began as a Gargoyle Earth Elementalist on Jan 28, 2021.
             Was a Follower of Vehumet.
             Slain by a two-headed ogre
             ... wielding a +0 giant club
              (18 damage)
             ... on level 8 of the Dungeon.
             The game lasted 00:19:57 (7418 turns).

Boji the Geomancer (Gargoyle Earth Elementalist)    Turns: 7418, Time: 00:19:57

Health: -4/45      AC: 24    Str: 12    XL:     9   Next: 84%
Magic:  19/20      EV: 12    Int: 19    God:    Vehumet [*.....]
Gold:   372        SH:  0    Dex: 10    Spells: 13/22 levels left

rFire    . . .     SeeInvis .   m - +7 mace
rCold    + . .     Faith    .   (no shield)
rNeg     + . .     Spirit   .   q - +2 robe {rC+}
rPois    ∞         Reflect  .   l - +1 helmet
rElec    +         Harm     .   A - +0 cloak
rCorr    .         Rampage  .   t - +2 pair of gloves
Will     .....                  (no boots)
Stlth    ++........             (no amulet)
HPRegen  0.15/turn              c - +4 ring of protection
MPRegen  0.17/turn              p - +4 ring of protection

@: no status effects
A: mutation resistance 1, negative energy resistance 1, electricity resistance,
unbreathing, petrification resistance, miasma immunity, AC +6
a: Renounce Religion


You were on level 8 of the Dungeon.
You worshipped Vehumet.
Vehumet was aware of your devotion.
You visited 2 branches of the dungeon, and saw 9 of its levels.

You collected 372 gold pieces.

Inventory:

Hand Weapons
 m - a +7 mace (weapon)
 E - a +0 vorpal dire flail
Missiles
 b - 175 stones
 B - 3 throwing nets
Armour
 l - a +1 helmet (worn)
 q - a +2 robe of cold resistance (worn)
 t - a +2 pair of gloves (worn)
 A - a +0 cloak (worn)
Jewellery
 c - a +4 ring of protection (left hand)
 e - a +6 ring of strength
 p - a +4 ring of protection (right hand)
 x - an uncursed ring of fire
Wands
 n - a wand of digging (3)
 y - a wand of mindburst (11)
 C - a wand of acid (9)
 D - a wand of iceblast (2)
Scrolls
 h - 4 scrolls of remove curse
 i - a scroll of teleportation
 o - a scroll of amnesia
 v - 3 scrolls of magic mapping
 w - a scroll of identify
 z - a scroll of fog
Potions
 d - 2 potions of ambrosia
 g - 2 potions of curing
 j - 2 potions of attraction
 k - a potion of haste
 r - a potion of brilliance
 s - a potion of might
 u - 2 potions of lignification


   Skills:
 - Level 1.5 Dodging
 - Level 2.1 Stealth
 + Level 7.4 Spellcasting
 + Level 8.1 Conjurations
 - Level 0.7 Transmutations
 + Level 10.0 Earth Magic


You had 13 spell levels left.
You knew the following spells:

 Your Spells              Type           Power        Failure   Level
a - Sandblast             Erth           90%          1%          1
b - Stone Arrow           Conj/Erth      82%          1%          3
c - Lee's Rapid Deconstr  Erth           22%          4%          5

Your spell library contained the following spells:

 Spells                   Type           Power        Failure   Level
 Shock                    Conj/Air       88%          1%          1
 Passwall                 Tmut/Erth      22%          1%          2
 Petrify                  Tmut/Erth      27%          11%         4


Dungeon Overview and Level Annotations

Branches:
Dungeon (8/15)             Temple (1/1) D:4
   Lair: D:8-11

Altars:
Ashenzari
Cheibriados
Elyvilon
Fedhas
Gozag
Hepliaklqana
Kikubaaqudgha
Makhleb
Okawaru
Qazlal
Sif Muna
Trog
Uskayaw
Vehumet
Wu Jian
Xom
Zin
The Shining One

Shops:
D:6 *


Innate Abilities, Weirdness & Mutations

You are resistant to torment.
Your stone body is resilient. (AC +6)
You are immune to poison.
You resist negative energy. (rN+)
You are resistant to electric shocks. (rElec)
You can survive without breathing.
You are immune to petrification.
You are immune to miasma.
You are somewhat resistant to further mutation.


Message History

The two-headed ogre is moderately wounded.
The two-headed ogre barely misses you.
The two-headed ogre hits you but does no damage.
You barely miss the two-headed ogre.
The two-headed ogre is moderately wounded.
The two-headed ogre hits you with a +0 giant club!
The two-headed ogre closely misses you.
You are too injured to fight recklessly!
You are too injured to fight recklessly!
You are too injured to fight recklessly!
Casting: Lee's Rapid Deconstruction (quite dangerous; 4% risk of failure)
Confirm with . or Enter, or press ? or * to list all spells.
Aiming: Sandblast (safe; 1% risk of failure)
Press: ? - help, Shift-Dir - straight line, f - two-headed ogre
Aim: a two-headed ogre, wielding a +0 giant club and a +0 giant spiked club (moderately wounded, 8% to evade)
The blast of sand hits the two-headed ogre!
The two-headed ogre is heavily wounded.
The two-headed ogre hits you with a +0 giant club.
The two-headed ogre hits you with a +0 giant spiked club!!
You die...

.........# ....!....
......... .........
....$......# ..........#
.......O.# ## .#.....@##.#
#.###..#.#.### ###
#..##..##.#..#
#..###.##..###.## #####
##..........# ##.####.....
#..........######.........
#..........##.............
#..........)†.............
##........#.###............


You could see a two-headed ogre.

Vanquished Creatures
  A salamander (shapeshifter) (D:8)
  Sigmund (D:5)
  A water moccasin (D:8)
  Duvessa (D:4)
  2 orc warriors
  A sky beast (D:4)
  3 ice beasts
  2 phantoms
  2 centaurs (D:7)
  A bullfrog (D:7)
  Blork the orc (D:5)
  Dowan (D:4)
  5 wights (D:7)
  A howler monkey (D:5)
  2 hounds
  Crazy Yiuf (D:7)
  A centaur skeleton (D:5)
  3 orc priests
  2 jellies
  Jessica (D:2)
  An iguana (D:6)
  5 orc wizards
  5 worker ants
  A hound skeleton (D:4)
  A worker ant zombie (D:7)
  10 gnolls
  8 adders
  A shadow imp (D:7)
  3 white imps
  An ufetubus (D:7)
  2 oozes
  An adder skeleton (D:5)
  3 worms
  2 dart slugs (D:3)
  4 leopard geckos
  26 orcs
  2 ball pythons
  5 goblins
  6 hobgoblins
  14 jackals
  6 kobolds
  4 quokkas
  5 bats
  3 frilled lizards (D:2)
  A jackal skeleton (D:5)
  7 rats
160 creatures vanquished.

Notes
Turn   | Place    | Note
-------+----------+-------------------------------------------
     0 | D:1      | Boji the Gargoyle Earth Elementalist began the quest for
                  | the Orb.
     0 | D:1      | Reached XP level 1. HP: 10/10 MP: 3/3
   743 | D:2      | Reached XP level 2. HP: 15/15 MP: 5/5
   753 | D:2      | Reached skill level 4 in Earth Magic
  1037 | D:2      | Noticed Jessica
  1044 | D:2      | Killed Jessica
  1045 | D:2      | Reached XP level 3. HP: 19/19 MP: 4/7
  1049 | D:2      | Learned a level 3 spell: Stone Arrow
  1131 | D:2      | Found an opulent altar of Gozag.
  1412 | D:3      | Reached XP level 4. HP: 22/24 MP: 4/8
  1420 | D:3      | Reached skill level 1 in Conjurations
  1820 | D:3      | Reached skill level 5 in Earth Magic
  2045 | D:2      | Reached XP level 5. HP: 28/28 MP: 9/9
  2056 | D:2      | Learned a level 5 spell: Lee's Rapid Deconstruction
  2577 | D:4      | Gained mutation: You occasionally shout uncontrollably at
                  | your foes. [potion of mutation]
  2577 | D:4      | Gained mutation: You are somewhat resistant to further
                  | mutation. [potion of mutation]
  2757 | D:4      | Noticed Dowan
  2763 | D:4      | Noticed Duvessa
  2763 | D:4      | Noticed a phantom
  2781 | D:4      | Killed Duvessa
  2782 | D:4      | Reached XP level 6. HP: 5/32 MP: 2/11
  2793 | D:4      | Killed Dowan
  2812 | D:4      | Lost mutation: You occasionally shout uncontrollably at
                  | your foes. [potion of mutation]
  2846 | D:4      | Killed a phantom
  2847 | D:4      | Reached skill level 6 in Earth Magic
  3002 | D:4      | Reached XP level 7. HP: 36/36 MP: 13/13
  3740 | D:4      | Found a staircase to the Ecumenical Temple.
  3757 | Temple   | Entered the Ecumenical Temple
  4224 | D:5      | Entered Level 5 of the Dungeon
  4344 | D:5      | Found a hazy altar of Hepliaklqana.
  4700 | D:5      | Reached skill level 5 in Spellcasting
  4700 | D:5      | Reached skill level 7 in Earth Magic
  4779 | D:5      | Reached XP level 8. HP: 21/41 MP: 13/15
  4895 | D:5      | Reached skill level 5 in Conjurations
  5083 | D:5      | Noticed Blork the orc
  5087 | D:5      | Killed Blork the orc
  5362 | D:5      | Noticed Sigmund
  5374 | D:5      | Killed Sigmund
  5439 | D:5      | Reached skill level 8 in Earth Magic
  5499 | D:5      | Found a bloodstained altar of Trog.
  5635 | D:6      | Found a radiant altar of Vehumet.
  5661 | D:6      | Became a worshipper of Vehumet
  5896 | D:6      | Found Ytir's Mayhem Merchandise.
  6045 | D:6      | Found a broken altar of Ashenzari.
  6613 | D:7      | Reached XP level 9. HP: 32/45 MP: 15/18
  6720 | D:7      | Reached * piety under Vehumet
  6720 | D:7      | Offered knowledge of Shock by Vehumet.
  6812 | D:7      | Reached skill level 9 in Earth Magic
  7184 | D:7      | Found a runed translucent door.
  7185 | D:7      | Noticed Crazy Yiuf
  7190 | D:7      | Killed Crazy Yiuf
  7288 | D:8      | Noticed a salamander
  7306 | D:8      | Killed a salamander
  7307 | D:8      | Reached skill level 10 in Earth Magic
  7407 | D:8      | Noticed a two-headed ogre
  7418 | D:8      | Slain by a two-headed ogre

Illustrated notes

Levels and vault maps discovered:
D:1:      onia_arrival_pentagram, layout_loops_ring
D:2:      layout_basic, grunt_gozag_statues, chequers_serial_rivers_micro_b,
          uniq_jessica
D:3:      layout_loops_cross
D:4:      layout_basic, minmay_temple_entry_mist, uniq_duvessa
D:5:      layout_gridville, lemuel_crystal_altar, serial_glass, glass_columns_c,
          glass_columns_a, glass_columns_b, glass_columns_b, glass_columns_c,
          glass_columns_a, minmay_strange_pillars, trog_book,
          uniq_blork_the_orc, uniq_sigmund
D:6:      layout_basic, evilmike_ruin_ashenzari, vehumet_altar_wand_db,
          minmay_shop_mayhem
D:7:      layout_rooms, uniq_crazy_yiuf_cottage
D:8:      minmay_ornate_pinched, layout_cave_pods, uniq_pikel
Temple:   zaba_magenta_temple

Skill      XL: |  1  2  3  4  5  6  7  8  9 |
---------------+----------------------------+-----
Earth Magic    | 4 5 6 7 8 10 | 10.0
Spellcasting   | 3 4 5 6 7 |  7.4
Conjurations   | 1 2 3 4 6 8 |  8.1
Dodging        | |  1.5
Stealth        | |  2.1
Transmutations | |  0.7

Action                   |  1- 3 |  4- 6 |  7- 9 || total
-------------------------+-------+-------+-------++-------
Melee: Dagger            |    22 |       |       ||    22
       Unarmed           |     4 |       |       ||     4
       Mace              |    22 |   128 |   250 ||   400
       Dire flail        |       |       |     9 ||     9
 Cast: Sandblast         |     9 |    19 |    49 ||    77
       Lee's Rapid Decon |       |       |     7 ||     7
       Stone Arrow       |       |       |     6 ||     6
Evoke: Wand              |       |       |     5 ||     5
  Use: Scroll            |       |    14 |     8 ||    22
       Potion            |       |     3 |       ||     3
 Stab: Sleeping          |       |     1 |     3 ||     4
Armor: Robe              |    18 |    70 |   214 ||   302
Dodge: Dodged            |    27 |    94 |   212 ||   333

Table legend: (Time is in decaauts)
 A = Elapsed time spent in this place.
 B = Non-inter-level travel time spent in this place.
 C = Inter-level travel time spent in this place.
 D = Time resting spent in this place.
 E = Time spent auto-exploring this place.
 F = Levels seen in this place.
 G = Mean time per level.
                   A        B        C        D        E       F      G
               +--------+--------+--------+--------+--------+-----+--------+
         Total |   7589 |   7248 |    341 |    336 |   5514 |   9 |  843.2 |
       Dungeon |   7489 |   7167 |    322 |    336 |   5437 |   8 |  936.1 |
        Temple |     99 |     80 |     19 |      0 |     77 |   1 |   99.0 |
               +--------+--------+--------+--------+--------+-----+--------+

Top non-repeatable levels by time:
     D:4: 1608 daAuts
     D:5: 1446 daAuts
     D:2: 1113 daAuts
     D:6: 844 daAuts
     D:7: 786 daAuts
     D:1: 764 daAuts
     D:3: 734 daAuts
     D:8: 192 daAuts
  Temple: 99 daAuts
